 Dungeon Crawl Stone Soup version 0.27-a0-346-ga689d4a613 (webtiles) character file.

Game seed: 13173529042831769599

11 jestyr24 the Conjurer (level 2, 0/20 HPs)
             Began as a Draconian Conjurer on Feb 15, 2021.
             Succumbed to an adder's poison
             ... on level 2 of the Dungeon.
             The game lasted 00:03:08 (1127 turns).

jestyr24 the Conjurer (Draconian Conjurer)          Turns: 1127, Time: 00:03:08

Health: 0/20       AC:  4    Str:  9    XL:     2   Next: 13%
Magic:  1/5        EV: 11    Int: 18    God:
Gold:   15         SH:  2    Dex:  9    Spells: 2/5 levels left

rFire    . . .     SeeInvis .   c - +0 whip
rCold    . . .     Faith    .   f - +0 buckler
rNeg     . . .     Spirit   .   (armour unavailable)
rPois    .         Reflect  .   (helmet restricted)
rElec    .         Harm     .   (no cloak)
rCorr    .         Rampage  .   (no gloves)
Will     .....                  (no boots)
Stlth    ++........             (no amulet)
HPRegen  0.06/turn              (no ring)
MPRegen  0.09/turn              (no ring)

@: lethally poisoned (0 -> -7)
A: unfitting armour, cold-blooded, AC +4
a: no special abilities


You were on level 2 of the Dungeon.
You visited 1 branch of the dungeon, and saw 2 of its levels.

You collected 15 gold pieces.

Inventory:

Hand Weapons
 c - a +0 whip (weapon)
Missiles
 g - 3 boomerangs
Armour
 f - a +0 buckler (worn)
Scrolls
 d - a scroll of fog {unknown}
 h - 2 scrolls of teleportation {unknown}
 i - 3 scrolls of immolation {unknown}
Potions
 a - a potion of flight {unknown}
 b - a potion of resistance {unknown}
 e - a potion of degeneration {unknown}


   Skills:
 + Level 1.8 Dodging
 + Level 1.8 Stealth
 * Level 2.1 Spellcasting
 + Level 4.4 Conjurations


You had 2 spell levels left.
You knew the following spells:

 Your Spells              Type           Power        Failure   Level
a - Magic Dart            Conj           68%          4%          1
b - Searing Ray           Conj           34%          8%          2

Your spell library contained the following spells:

 Spells                   Type           Power        Failure   Level
 Dazzling Flash           Conj/Hex       18%          36%         3
 Fulminant Prism          Conj/Hex       4%           77%         4
 Iskenderun's Mystic Bla  Conj/Tloc      9%           77%         4


Dungeon Overview and Level Annotations

Branches:
Dungeon (2/15)

Altars:


Innate Abilities, Weirdness & Mutations

Your plain brown scales are hard. (AC +4)
You cannot fit into any form of body armour.
You are cold-blooded and may be slowed by cold attacks.


Message History

Aiming: Searing Ray (safe; 8% risk of failure)
Press: ? - help, Shift-Dir - straight line, f/p - adder
Aim: an adder (37% to evade)
The searing ray hits the adder.
The adder is moderately wounded. (Press . to maintain the ray.)
The adder bites you.
The searing ray misses the adder.
The adder bites you.
Without enough magic to sustain it, your searing ray dissipates.
The adder bites you.
You are poisoned.
The adder poisons you! The adder bites you but does no damage.
Unknown command.
Casting: Searing Ray (safe; 8% risk of failure)
Confirm with . or Enter, or press ? or * to list all spells.
You don't have enough magic to cast this spell.
Unknown command.
You barely miss the adder.
The adder is moderately wounded.
You feel sick. The adder barely misses you.
You completely miss the adder.
The adder is moderately wounded.
The adder bites you but does no damage. The adder closely misses you.
Your magical contamination has completely faded away.
You barely miss the adder.
The adder is moderately wounded.
You feel sick. The adder bites you.
You closely miss the adder.
The adder is moderately wounded.
The adder barely misses you. The adder bites you.
* * * LOW HITPOINT WARNING * * *
You barely miss the adder.
The adder is moderately wounded.
The adder bites you.
* * * LOW HITPOINT WARNING * * *
You are more poisoned.
The adder poisons you!
You barely miss the adder.
The adder is moderately wounded.
You die...

## .# .# #### .#######
#..
........>.######.####
)...#####.......@S..#
....# ######...#.#
....##########.#.#..##
.#.##..................
.#.#...#######.#.....#..
##.#.#..................
##.#...#########.....###
##.##.## ##...## #.#...#
#..#


You could see an adder.

Vanquished Creatures
  A leopard gecko (D:1)
  A giant cockroach (D:1)
  3 goblins
  A hobgoblin (D:1)
  A bat (D:1)
  A frilled lizard (D:1)
  A kobold (D:1)
9 creatures vanquished.

Notes
Turn   | Place    | Note
-------+----------+-------------------------------------------
     0 | D:1      | jestyr24 the Draconian Conjurer began the quest for the
                  | Orb.
     0 | D:1      | Reached XP level 1. HP: 14/14 MP: 3/3
   894 | D:1      | Reached XP level 2. HP: 20/20 MP: 3/5
   897 | D:1      | Learned a level 2 spell: Searing Ray
  1126 | D:2      | HP: 1/20 [adder (4)]
  1127 | D:2      | Succumbed to an adder's poison

Illustrated notes

Levels and vault maps discovered:
D:1:      mrwooster_arrival_statue_2, layout_basic
D:2:      layout_loops_ring, kennysheep_another_room, uniq_robin

Action                   || total
-------------------------++-------
Melee: Whip              ||    16
 Cast: Magic Dart        ||    12
       Searing Ray       ||     1
Armor: Skin              ||     3
Dodge: Dodged            ||    11
Block: Buckler           ||     1

Table legend: (Time is in decaauts)
 A = Elapsed time spent in this place.
 B = Non-inter-level travel time spent in this place.
 C = Inter-level travel time spent in this place.
 D = Time resting spent in this place.
 E = Time spent auto-exploring this place.
 F = Levels seen in this place.
 G = Mean time per level.
                   A        B        C        D        E       F      G
               +--------+--------+--------+--------+--------+-----+--------+
         Total |   1128 |   1080 |     48 |     23 |    940 |   2 |  564.0 |
       Dungeon |   1128 |   1080 |     48 |     23 |    940 |   2 |  564.0 |
               +--------+--------+--------+--------+--------+-----+--------+

Top non-repeatable levels by time:
     D:1: 1004 daAuts
     D:2: 124 daAuts
